Cogmind - Beta 16.1 @@@ ROGUE MODE // 2026.04.27 @ 23:52:16 Player: DwarfFeats Result: Destroyed by YI-UF0 with YI-UF0's Doublenader Performance ------------- Evolutions (1) 500 Regions Visited (4) 800 Robots Destroyed (26) 130 Value Destroyed (615) 615 Prototype IDs (0) 0 Alien Tech Used (0) 0 Bonus (0) 0 TOTAL SCORE: 2045 Bonus ------- None Cogmind --------- Core Integrity 0/400 Matter 270/300 Energy 232/265 System Corruption 0% Temperature Cool (0) Movement Flying (277) Ox3 Location -9/Mines Parts ------- > --- POWER (2) -------- Improved Ion Engine > --- PROPULSION (2) --- Flight Unit Flight Unit > --- UTILITY (2) ------ Large Storage Unit > --- WEAPON (3) ------- (None) > --- INVENTORY (15) --- Light Nuclear Core Aluminum Leg Aluminum Leg Heat Sink Heat Sink Improved Heat Sink Utility Shielding Shield Generator Shield Generator Peak State ------------ > --- POWER ------------ Improved Ion Engine Improved Ion Engine > --- PROPULSION ------- Aluminum Leg Improved Aluminum Leg > --- UTILITY ---------- Large Storage Unit Large Battery > --- WEAPON ----------- Beam Rifle Beam Rifle Beam Rifle > --- INVENTORY -------- Light Nuclear Core Aluminum Leg Aluminum Leg Flight Unit Flight Unit Heat Sink Heat Sink Improved Heat Sink Shield Generator Shield Generator [Rating: 16] Favorites ----------- Power Improved Ion Engine Engine Improved Ion Engine Propulsion Aluminum Leg Leg Aluminum Leg Wheel Compact Wheel Flight Unit Flight Unit Utility Large Battery Storage Large Battery Weapon Beam Rifle Energy Gun Beam Rifle Ballistic Gun Heavy Assault Rifle Build | -11 -10 -10 -9 -9 ------- Run | Yrd Mat Min Mat Min Slots Evolved 2 | . . . 2 . Power 1 | . . . 1 . Propulsion . | . . . . . Utility . | . . . . . Weapon 1 | . . . 1 . Parts Attached 28 | 6 6 3 12 1 Power 4 | 1 1 . 2 . Engine 4 | 1 1 . 2 . Core . | . . . . . Reactor . | . . . . . Propulsion 11 | 2 1 3 4 1 Treads . | . . . . . Leg 5 | . . . 4 1 Wheel 4 | 2 1 1 . . Hover . | . . . . . Flight 2 | . . 2 . . Utility 5 | 1 4 . . . Device . | . . . . . Storage 5 | 1 4 . . . Processor . | . . . . . Hackware . | . . . . . Protection . | . . . . . Artifact . | . . . . . Weapon 8 | 2 . . 6 . Energy Gun 7 | 2 . . 5 . Energy Cannon . | . . . . . Ballistic Gun 1 | . . . 1 . Ballistic Cannon . | . . . . . Launcher . | . . . . . Special Weapon . | . . . . . Impact Weapon . | . . . . . Slashing Weapon . | . . . . . Piercing Weapon . | . . . . . Special Melee Weapon . | . . . . . Unidentified Prototypes . | . . . . . Parts Lost 13 | . . 2 6 5 Power 1 | . . . 1 . Propulsion 4 | . . 1 2 1 Utility 1 | . . . . 1 Weapon 7 | . . 1 3 3 Highest Loss Streak 5 | . . 2 4 5 To Critical Strikes . | . . . . . Average Backups 8 | 3 7 8 9 10 Power 1 | . 1 2 1 1 Propulsion 3 | 2 4 3 3 3 Utility 3 | . . 2 4 6 Weapon . | . 1 1 . . Tool/Special . | . . . . . Unused Backups 13 | . 6 . . 7 Power 2 | . 1 . . 1 Propulsion 5 | . 5 . . . Utility 6 | . . . . 6 Weapon . | . . . . . Tool/Special . | . . . . . Average Slot Usage (%) 90 | . 98 100 88 84 Engine 14 | . 14 14 15 11 Leg 14 | . . . 19 21 Wheel 8 | . 28 28 1 . Storage 23 | . 26 28 22 21 Energy Gun 28 | . 28 28 29 30 Peak Build Rating 16 | 6 9 9 16 13 Average Rating 11 | 4 7 8 12 12 On Entrance 7 | . 6 9 7 13 Avg Prop Armor Cover (%) . | . . . . . Naked Turns . | . . . . . Heaviest Build 44 | 12 34 34 44 39 Greatest Support 32 | 26 32 32 32 20 Greatest Overweight (x) 3 | 2 1 1 3 1 Average Overweight (x) . | . . 1 1 1 Largest Inventory Capacity 15 | 8 15 15 15 15 Average Capacity 13 | 7 10 15 15 15 Most Carried 12 | 6 9 8 12 10 Average Carried 8 | 3 7 8 9 9 Final Capacity 15 | 8 15 15 15 15 Final Carried 10 | 6 8 8 10 9 Class Distribution -------------------- 47% | Mutant 46% | Scavenger-Gunner 5% | Gunner Dominant Class ---------------- Mutant | -10/Materials Mutant | -10/Mines Scavenger-Gunner | -9/Materials Scavenger-Gunner | -9/Mines Resources | -11 -10 -10 -9 -9 ----------- Run | Yrd Mat Min Mat Min Matter Collected 473 | 218 92 . 163 . Remotely . | . . . . . Salvage Created 786 | . 123 . 663 . Parts 57 | . 13 . 44 . Haulers Intercepted . | . . . . . Recyclers Shooed . | . . . . . Parts Field Recycled . | . . . . . Retrieved Matter . | . . . . . Parts Self-Destructed . | . . . . . Prevented . | . . . . . Parts Restored . | . . . . . Kills | -11 -10 -10 -9 -9 ------- Run | Yrd Mat Min Mat Min Combat Hostiles Destroyed 26 | . 7 . 19 . Guns 26 | . 7 . 19 . Classes Destroyed 3 | . 1 . 2 . Swarmer 14 | . 7 . 7 . Grunt 8 | . . . 8 . Sentry 4 | . . . 4 . Best Kill Streak 4 | . 3 . 4 . Combat Bots Only 4 | . 3 . 4 . Max Kills in Single Turn 1 | . 1 . 1 . Gunslinging . | . . . . . Exploded . | . . . . . Melee . | . . . . . Uniques/NPCs Destroyed . | . . . . . Combat | -11 -10 -10 -9 -9 -------- Run | Yrd Mat Min Mat Min Hostile Shots Fired 148 | . 25 3 102 18 Missed 41 | . 6 . 29 6 Hits 107 | . 19 3 73 12 Projectile 107 | . 19 3 73 12 AOE 21 | . . 3 . 18 Critical Strikes 3 | . . . 3 . Damage Taken 1819 | . 163 105 928 623 Core 467 | . 58 2 221 186 Absorbed by Shields . | . . . . . Core Remaining (%) 88 | 100 . 76 . . Volleys Fired 68 | . 15 . 49 4 Largest 3 | . 2 . 3 3 Hottest 168 | . 80 . 168 168 Shots Fired 158 | . 30 . 118 10 Gun 158 | . 30 . 118 10 Cannon . | . . . . . Launcher . | . . . . . Special . | . . . . . Kinetic 6 | . . . 6 . Thermal 122 | . . . 112 10 Explosive . | . . . . . Electromagnetic 30 | . 30 . . . Robot Hit Streak 11 | . 2 . 11 4 Robot Miss Streak 4 | . 4 . 4 2 Penetration Max . | . . . . . Secondary Targets 4 | . . . 4 . Max Gunslinging Chain 1 | . . . 1 . Shots Hit Robots 85 | . 10 . 69 6 Core Hits 36 | . 7 . 27 2 Critical Kills . | . . . . . Critical Parts Destroyed . | . . . . . Critical Strikes 4 | . . . 4 . Burn 4 | . . . 4 . Melee Attacks . | . . . . . Impact . | . . . . . Slashing . | . . . . . Piercing . | . . . . . Sneak Attacks . | . . . . . Combat Hostiles . | . . . . . Follow-up Attacks . | . . . . . Damage Inflicted 1141 | . 134 . 918 89 Guns 1141 | . 134 . 918 89 Cannons . | . . . . . Explosions . | . . . . . Melee . | . . . . . Ramming . | . . . . . Kinetic 46 | . . . 46 . Thermal 961 | . . . 872 89 Explosive . | . . . . . Electromagnetic 134 | . 134 . . . Impact . | . . . . . Slashing . | . . . . . Piercing . | . . . . . Highest Corruption . | . . . . . Average Corruption . | . . . . . Corruption Purged . | . . . . . Corruption Blocked . | . . . . . Overload Shots . | . . . . . Overflow Damage . | . . . . . Projectiles . | . . . . . Explosions . | . . . . . Melee . | . . . . . Knockbacks . | . . . . . Impact . | . . . . . Kinetic . | . . . . . Secondary . | . . . . . Self-Inflicted Damage . | . . . . . Shots . | . . . . . Rammed . | . . . . . Targets Rammed . | . . . . . Kicked . | . . . . . Crushed . | . . . . . Highest Temperature 556 | . 90 . 556 284 Average Temperature 137 | . 32 . 157 131 Received Heat Transfer 282 | . 12 . 270 . Effects 11 | . . . 11 . Shutdowns 4 | . . . 4 . Energy Bleed 2 | . . . 2 . Interference 1 | . . . 1 . Damage (major) 3 | . . . 3 . Damage (core) 1 | . . . 1 . Siege Activations . | . . . . . Martial Activations . | . . . . . Shielding Activations . | . . . . . Robots Disrupted . | . . . . . Combat Hostiles . | . . . . . Robots Corrupted . | . . . . . Combat Hostiles . | . . . . . Parts Fried . | . . . . . Impact Corruptions . | . . . . . Robots Melted . | . . . . . Combat Hostiles . | . . . . . Parts Melted 5 | . . . 5 . Heat Transferred 2672 | . . . 2450 222 Parts Sabotaged . | . . . . . Parts Stolen . | . . . . . Parts Stripped . | . . . . . Power Chain Reactions . | . . . . . Alert | -11 -10 -10 -9 -9 ------- Run | Yrd Mat Min Mat Min Maximum Alert Level . | . . . . . Low Security (%) 100 | 100 100 100 100 100 Level 1 . | . . . . . Level 2 . | . . . . . Level 3 . | . . . . . Level 4 . | . . . . . Level 5 . | . . . . . High Security . | . . . . . Max Security . | . . . . . Peak Influence 92 | . 72 13 92 21 Initial 21 | . . 13 . 21 Average 34 | . 36 6 41 3 Influence Increases 716 | . 212 . 504 . Destroy 0b10 Robot/C 520 | . 140 . 380 . Destroy Leader 110 | . 20 . 90 . Successful Hack 9 | . 7 . 2 . Disable Machine 15 | . . . 15 . Destroy Structure 2 | . . . 2 . Lose Combat Pursuer 60 | . 45 . 15 . Influence Decreases 716 | . 178 34 448 56 Entered New Map 56 | . . 21 . 35 Time Decay 620 | . 178 13 408 21 Lost Part 40 | . . . 40 . Squads Dispatched 3 | . 1 . 2 . Investigation 1 | . . . 1 . Extermination . | . . . . . Reinforcement 2 | . 1 . 1 . Assault . | . . . . . Garrison . | . . . . . Intercept . | . . . . . Searches Triggered . | . . . . . Construction Impeded . | . . . . . Haulers Reinforced . | . . . . . Active Scanning Responses . | . . . . . Cargo Convoy Interrupts . | . . . . . Stealth | -11 -10 -10 -9 -9 --------- Run | Yrd Mat Min Mat Min Distress Signals 5 | . 3 . 2 . Communications Jammed . | . . . . . Distress Signals . | . . . . . Times Spotted 42 | . 15 2 24 1 Peak Tracking Total 5 | . 5 2 4 1 Tactical Retreats 3 | . 2 . 1 . Traps | -11 -10 -10 -9 -9 ------- Run | Yrd Mat Min Mat Min Traps Triggered . | . . . . . Indirectly . | . . . . . Trap Hack Attempts . | . . . . . Triggered . | . . . . . Disarmed 3 | . 3 . . . Reprogrammed . | . . . . . Reused . | . . . . . Traps Extracted . | . . . . . Installed . | . . . . . Triggered . | . . . . . Machines | -11 -10 -10 -9 -9 ---------- Run | Yrd Mat Min Mat Min Machines Disabled 1 | . . . 1 . Max in Single Turn 1 | . . . 1 . Machines Repaired . | . . . . . Machines Dismantled . | . . . . . Machines Sabotaged . | . . . . . Overloaded Fab Kills . | . . . . . Hacking | -11 -10 -10 -9 -9 --------- Run | Yrd Mat Min Mat Min Machines Accessed 9 | . 4 . 5 . Terminals 5 | . 3 . 2 . Fabricators . | . . . . . Repair Stations . | . . . . . Recycling Units 2 | . 1 . 1 . Scanalyzers 2 | . . . 2 . Garrison Access . | . . . . . Total Hacks 22 | . 10 . 12 . Successful 12 | . 5 . 7 . Failed 10 | . 5 . 5 . Catastrophic 2 | . 2 . . . Database Lockouts . | . . . . . Manual . | . . . . . Terminals 11 | . 8 . 3 . Fabricators . | . . . . . Repair Stations . | . . . . . Recycling Units 3 | . 2 . 1 . Scanalyzers 8 | . . . 8 . Garrison Access . | . . . . . Terminal Hacks 4 | . 3 . 1 . Locate Traps 2 | . 1 . 1 . Disarm Traps 1 | . 1 . . . Registered Components 1 | . 1 . . . Fabricator Hacks . | . . . . . Repair Station Hacks . | . . . . . Recycling Unit Hacks 3 | . 2 . 1 . Report Inventory 2 | . 1 . 1 . Retrieve Components 1 | . 1 . . . Scanalyzer 5 | . . . 5 . Insert Component 2 | . . . 2 . Analyze 2 | . . . 2 . Retrieve Study 1 | . . . 1 . Garrison Access Hacks . | . . . . . Unauthorized Hacks . | . . . . . Terminals . | . . . . . Fabricators . | . . . . . Repair Stations . | . . . . . Recycling Units . | . . . . . Scanalyzers . | . . . . . Garrison Access . | . . . . . Data Cores Recovered . | . . . . . Used . | . . . . . Hacking Detections 7 | . 3 . 4 . Full Trace Events 1 | . . . 1 . Feedback Events . | . . . . . Feedback Blocked . | . . . . . Robot Schematics Acquired . | . . . . . Robots Built . | . . . . . Authchips . | . . . . . Time . | . . . . . Total Robot Build Rating . | . . . . . Part Schematics Acquired 1 | . . . 1 . Parts Built . | . . . . . Authchips . | . . . . . Time . | . . . . . Total Part Build Rating . | . . . . . Part Studies Acquired 1 | . . . 1 . Parts Repaired . | . . . . . Time . | . . . . . Parts Recycled . | . . . . . Recycled Matter . | . . . . . Retrieved Matter . | . . . . . Retrieved Components 1 | . 1 . . . Parts Scanalyzed 2 | . . . 2 . Part Schematics Acquired 1 | . . . 1 . Parts Damaged . | . . . . . Bothacking | -11 -10 -10 -9 -9 ------------ Run | Yrd Mat Min Mat Min Used RIF Installer . | . . . . . Robots Hacked . | . . . . . Non-combat . | . . . . . Combat . | . . . . . Robot Hacks Applied . | . . . . . Relay Couplers Released . | . . . . . Fabnet Peak Effective % . | . . . . . Robots Rewired . | . . . . . Allies Hacked . | . . . . . Hacks Repelled . | . . . . . Allies | -11 -10 -10 -9 -9 -------- Run | Yrd Mat Min Mat Min Total Allies . | . . . . . Largest Group . | . . . . . Highest-Rated Group . | . . . . . Highest-Rated Ally . | . . . . . Total Orders . | . . . . . Ally Attacks . | . . . . . Total Damage . | . . . . . Kills . | . . . . . Allies Corrupted . | . . . . . Allies Melted . | . . . . . Intel | -11 -10 -10 -9 -9 ------- Run | Yrd Mat Min Mat Min Active Infowar (turns) . | . . . . . Robot Analysis Total . | . . . . . Derelict Logs Recovered . | . . . . . Drone Launches . | . . . . . Drone Recoveries . | . . . . . Exploration | -11 -10 -10 -9 -9 ------------- Run | Yrd Mat Min Mat Min Turns Passed 1851 | 61 411 50 1146 183 Spaces Moved 1033 | 43 344 39 519 88 Core 15 | 15 . . . . Treads . | . . . . . Legs 561 | . . . 473 88 Wheels 457 | 28 344 39 46 . Hover . | . . . . . Flight . | . . . . . Fastest Speed 50 | 50 90 115 115 190 Average Speed 150 | 101 96 115 187 190 Slowest Speed 330 | 150 115 115 330 190 Overloaded Moves . | . . . . . Propulsion Burnouts . | . . . . . Robots Hopped . | . . . . . Potential Cave-ins . | . . . . . Cave-ins Triggered . | . . . . . Exploration Rate (%) 32 | 4 76 15 30 35 Regions Visited 4 Branch Regions 2 Pre-discovered Areas . | . . . . . Known Exits Taken . | . . . . . Unknown Exits Taken 4 | 1 1 1 1 . Scrap Searched . | . . . . . Spaces Dug . | . . . . . Terrain Destroyed . | . . . . . Melee . | . . . . . Projectile . | . . . . . AOE . | . . . . . Terrain Rammed . | . . . . . Walls Destroyed . | . . . . . Machines Disabled . | . . . . . Actions | -11 -10 -10 -9 -9 --------- Run | Yrd Mat Min Mat Min Total 1191 | 60 395 42 599 95 Wait 6 | . 6 . . . Move 1029 | 42 343 38 518 88 Hop . | . . . . . Pick Up 41 | 12 14 . 15 . Fast Attach . | . . . . . Attach 20 | 6 2 . 11 1 Detach . | . . . . . Swap 12 | . 4 4 2 2 Drop 15 | . 11 . 4 . Fire 68 | . 15 . 49 4 Melee . | . . . . . Ram . | . . . . . Kick . | . . . . . Crush . | . . . . . Escape Stasis . | . . . . . Rewire . | . . . . . Trap . | . . . . . Miscellaneous . | . . . . . Route ------- -11/Scrapyard -10/Materials (discovered 3 exits: *Mat x2 / [*Min]) -10/Mines -9/Materials (discovered 2 exits: [*Min] / [*Sto]) -9/Mines (discovered 2 exits: [*Mat x2]) History --------- Turn | Location | Event 21 | -11/Scrapyard | Discovered new exit (range 16) 62 | -11/Scrapyard | Entered Materials 235 | -10/Materials | Discovered new exit (range 6) 317 | -10/Materials | Build established: Mutant 356 | -10/Materials | Discovered new exit (range 15) 452 | -10/Materials | Discovered new exit (range 12) 473 | -10/Materials | Entered Mines 474 | -10/Mines | Assembled infested the area 477 | -10/Mines | Met a Derelict bent on vengeance 493 | -10/Mines | Discovered new exit (range 14) 523 | -10/Mines | Entered Materials 523 | -9/Materials | Evolved 2 slots: Power x1, Weapon x1 569 | -9/Materials | Lost 4 parts (2n2w) 596 | -9/Materials | Discovered new exit (range 16) 1054 | -9/Materials | Discovered new exit (range 6) 1223 | -9/Materials | Core integrity fell below 50% 1277 | -9/Materials | Build established: Scavenger-Gunner 1669 | -9/Materials | Entered Mines 1787 | -9/Mines | Discovered new exit (range 8) 1821 | -9/Mines | Discovered new exit (range 15) 1835 | -9/Mines | Core integrity fell below 20% 1852 | -9/Mines | Destroyed by YI-UF0 with YI-UF0's Doublenader Last Messages --------------- 01824_ U-05 Engineer lays Concrete. 01824_ R-06 Scavenger collects Wheel. 01825_ U-05 Engineer lays Concrete. 01825_ K-01 Serf destroyed. 01825_ U-05 Engineer destroyed. 01832_ Beam Rifle+ destroyed. 01832_ U-05 Engineer lays Concrete. 01834_ The unstable cave ceiling collapses. 01834_ U-05 Engineer lays Concrete. 01837_ The unstable cave ceiling collapses. 01837_ U-05 Engineer lays Concrete. 01838_ The unstable cave ceiling collapses. 01838_ R-06 Scavenger destroyed. 01846_ Beam Rifle+ destroyed. 01846_ YI-UF0: "KAPOW!" 01846_ K-01 Serf destroyed. 01848_ Beam Rifle+ destroyed. 01848_ Aluminum Leg destroyed. 01848_ Lrg. Battery destroyed. 01852_ K-01 Serf collects debris. Map ----- +----------------------------------------------------+ | ??????????????????????????## | | ?????????????????????????## | | ?????????????????????????# | | ?????????????????????????# | | ?????????????????????????## | | ??????????????????????????## | | ???????????????????????????## | | ???????????????????????????## | | ??????????????????????###### | | ?????????????????????## | | ?????????????????##### | | ???###???????????# | | ??## #??????????# | | ??# < #?????##### ##### ## | | ??# ###??# #???###### | | ??# #### #####????????# | | ???# #????????????## | | ????# k #?????????????#### | | ????# k ####????????????????? | | ????## k #???????????????????? | | ?????## ##??????????????????? | | ????## #= # #??????????????????? | | ???## #??????????????????? | | ???# ##??????????????????? | | ???# ##?????????????????? | | ???# @ #?????????????????? | | ??# #?????????????????? | | ??# *%= ####?????????????? | | ??## #????? ??????? | | ??# ?????? | | ??# ?????? | | ??#### !?????? | | ?????## %?????? | | ??????## g ?????? | | ???????## ??????? | | ???????## #??????? | | ????????## = ???????? | | ?????????## ## !%< ???????? | | ??????????#####? ???????? | | ????????????????? ????????? | | ?????????????????? ????????? | | ?????????????????? ?????????? | | ??????????????????? ?????????? | | ????????????????????#???????????? | | ????????????????????????????????? | | ????????????????????????????????? | | ????????????????????????????????? | | ????????????????????????????????? | | ????????????????????????????????? | | ????????????????????????????????? | +----------------------------------------------------+ Best States ------------- Heat Dissipation 28 Energy Generation 19 Energy Capacity 630 Matter Stores 300 Matter Capacity 300 Sight Range 16 Terrain Scan Density 10 Evasion (%) 42 Item Schematics ----------------- Lgt. Nuclear Core | -9/Materials | Scanalyzed Robot Schematics ------------------ None Fabricated ------------ Nothing Repaired ---------- Nothing Studied --------- Beam Rifle | -9/Materials | Hacked Alien Tech Used ----------------- None Achievements -------------- Item+ Well Done Challenges ------------ None Game ------ Seed InsulatedLaunchSpecial Manual? 0 Play Time 00:29:21 Cumulative 11.5 hours Start 2026.04.27 @ 23:24:16 End 2026.04.27 @ 23:52:16 Sessions 1 Manual Loads 0 Difficulty Rogue Special Mode None Game No. 13 Rogue 13 Adventurer 0 Explorer 0 Win Type - Total 0 Types 0/0/0/0/0/0/0/0/0/0 Lore% 4 Gallery% 13 Achievement% 11 Wizard Run 0 Options --------- Layout 1 ASCII 0 Keyboard 0 Movement Numpad Keybinds 0 Fullscreen 1 Font 24/Smallcaps Map View 50x35 Zoom Use 0% Tactical HUD 1 Map Filters NONE Filters NONE Steam 1 RUN: 65df94dc-649b-4569-9475-fc94b794bc81